 Dungeon Crawl Stone Soup version 0.28-a0-1334-g1c9ffb4daf (webtiles) character file.

Game seed: 4564944169602188883

2 Lekart the Skirmisher (level 1, -3/19 HPs)
             Began as a Draconian Chaos Knight on Dec 28, 2021.
             Was a Plaything of Xom.
             Slain by a bullfrog (7 damage)
             ... on level 1 of the Dungeon.
             The game lasted 00:00:07 (113 turns).

Lekart the Skirmisher (Draconian Chaos Knight)       Turns: 113, Time: 00:00:08

Health: -3/19      AC:  4    Str: 14    XL:     1   Next: 25%
Magic:  1/1        EV: 12    Int: 12    God:    Xom [..*...]
Gold:   0          SH:  0    Dex: 10    Spells: 0/0 levels left

rFire   . . .      SeeInvis .   a - +0 hand axe (chaos)
rCold   . . .      Faith    .   (no shield)
rNeg    . . .      Spirit   .   (armour unavailable)
rPois   .          Reflect  .   (helmet restricted)
rElec   .          Harm     .   (no cloak)
rCorr   .          Rampage  .   (no gloves)
Will    .....                   (no boots)
Stlth   +.........              (no amulet)
HPRegen 0.06/turn               (no ring)
MPRegen 0.07/turn               (no ring)

@: no status effects
A: AC +4, unfitting armour, cold-blooded
a: Renounce Religion


You were on level 1 of the Dungeon.
You worshipped Xom.
You were a toy of Xom.
You visited 1 branch of the dungeon, and saw 1 of its levels.

Inventory:

Hand Weapons
 a - a +0 hand axe of chaos (weapon)


   Skills:
 + Level 3.3 Fighting
 + Level 3.0 Axes
 + Level 2.1 Dodging


You couldn't memorise any spells.
You didn't know any spells.
Your spell library was empty.

Dungeon Overview and Level Annotations

Branches:
Dungeon (1/15)

Altars:


Innate Abilities, Weirdness & Mutations

Your plain brown scales are hard. (AC +4)
You cannot fit into any form of body armour.
You are cold-blooded and may be slowed by cold attacks.


Message History

A ball python is nearby!
You hit the ball python.
You kill the ball python!
Xom snickers.
You do an impromptu tapdance.
You see here a ball python corpse.
No target in view!
No target in view!
A frilled lizard comes into view.
A frilled lizard is nearby!
The frilled lizard hisses angrily.
The frilled lizard completely misses you.
A frilled lizard is nearby!
You hit the frilled lizard.
The frilled lizard evaporates and reforms as a bullfrog!
Xom is mildly amused.
The bullfrog is lightly wounded.
The bullfrog hits you but does no damage.
A bullfrog is nearby!
You barely miss the bullfrog.
The bullfrog is lightly wounded.
The bullfrog hits you. The bullfrog hits you!
You are too injured to fight recklessly!
A bullfrog is nearby!
You are too injured to fight recklessly!
A bullfrog is nearby!
You are too injured to fight recklessly!
You are too injured to fight recklessly!
You hit the bullfrog but do no damage.
The bullfrog seems to speed up.
Xom is highly amused!
The bullfrog is lightly wounded.
The bullfrog hits you. The bullfrog closely misses you.
You barely miss the bullfrog.
The bullfrog is lightly wounded.
The bullfrog hits you but does no damage.
The bullfrog hits you.
* * * LOW HITPOINT WARNING * * *
The bullfrog hits you!
You die...
Xom cackles wildly!

#####...#)#..........#
######...#.#..........#
.....'.......#......###
######...#.##########
#...#.#..
######...#.#.#####
...........#.#...#
############.#.#.#
############.#.#@#
†..............#F#
############.###.#
.......# ###.##### #.#
#.# #.. ###


You could see a bullfrog (fast).

Vanquished Creatures
  A hobgoblin (D:1)
  A ball python (D:1)
2 creatures vanquished.

Notes
Turn   | Place    | Note
-------+----------+-------------------------------------------
     0 | D:1      | Lekart the Draconian Chaos Knight began the quest for the
                  | Orb.
     0 | D:1      | Reached XP level 1. HP: 19/19 MP: 1/1
    90 | D:1      | XOM: silly message
   110 | D:1      | Noticed a bullfrog
   110 | D:1      | a frilled lizard changed into a bullfrog
   113 | D:1      | Slain by a bullfrog

Illustrated notes

Levels and vault maps discovered:
D:1:      lightli_arrival_boilingwater, layout_basic,
          chequers_ecumenical_altar_twisty

Action                   || total
-------------------------++-------
Melee: Hand axe          ||     8
Armor: Skin              ||     3
Dodge: Dodged            ||     4

Table legend: (Time is in decaauts)
 A = Elapsed time spent in this place.
 B = Non-inter-level travel time spent in this place.
 C = Inter-level travel time spent in this place.
 D = Time resting spent in this place.
 E = Time spent auto-exploring this place.
 F = Levels seen in this place.
 G = Mean time per level.
                   A        B        C        D        E       F      G
               +--------+--------+--------+--------+--------+-----+--------+
         Total |    115 |    115 |      0 |      0 |     97 |   1 |  115.0 |
       Dungeon |    115 |    115 |      0 |      0 |     97 |   1 |  115.0 |
               +--------+--------+--------+--------+--------+-----+--------+

Top non-repeatable levels by time:
     D:1: 115 daAuts
